 Dungeon Crawl Stone Soup version 0.30.1-4-g462c640d31 (webtiles) character file.

Game seed: 15965595853093390567

1768 rvierbuc the Conjurer (level 8, -2/59 HPs)
             Began as a Demigod Conjurer on Aug 21, 2023.
             Slain by a gnoll sergeant
             ... wielding a +0 trident of venom
              (11 damage)
             ... on level 7 of the Dungeon.
             The game lasted 00:30:43 (6294 turns).

rvierbuc the Conjurer (Demigod Conjurer)            Turns: 6294, Time: 00:30:44

Health: -2/59      AC: 11    Str:  7 (8)  XL:     8   Next: 50%
Magic:  17/28      EV: 13    Int: 30      God:
Gold:   337        SH:  5    Dex: 12      Spells: 10/17 levels left

rFire   x . .        n - +1 whip (venom)
rCold   + . .        (no shield)
rNeg    . . .        a - +0 robe
rPois   .            I - +2 hat
rElec   .            (no cloak)
rCorr   .            w - +2 pair of gloves of Poor Excuses {Will+ MP+9 Int+2}
SInv    .            (no boots)
Will    +....        v - amulet of reflection
Stlth   ++           b - ring of ice
HPRegen 0.29/turn    k - +4 ring of protection
MPRegen 0.21/turn

%: reflection
@: no status effects
A: high MP 1, forlorn, divine attributes
a: no special abilities


You were on level 7 of the Dungeon.
You visited 1 branch of the dungeon, and saw 7 of its levels.
You also visited: Sewer.

You collected 337 gold pieces.

Inventory:

Hand Weapons
 n - a +1 whip of venom (weapon)
Missiles
 H - a curare-tipped dart
Armour
 a - a +0 robe (worn)
 o - a +0 helmet
 w - the +2 pair of gloves of Poor Excuses (worn) {Will+ MP+9 Int+2}
   (You found it on level 3 of the Dungeon)

   Int:       It affects your intelligence (+2).
   MP:        It affects your magic capacity (+9).
   Will:      It increases your willpower.
 x - a +2 pair of gloves
 I - a +2 hat (worn)
Jewellery
 b - a ring of ice (left hand)
 k - a +4 ring of protection (right hand)
 v - an amulet of reflection (around neck)
 B - a ring of flight
Wands
 E - a wand of paralysis (4)
Scrolls
 d - 3 scrolls of blinking
 f - a scroll of fog
 g - a scroll of silence
 l - 2 scrolls of enchant weapon
 q - a scroll of fear {unknown}
 r - 2 scrolls of vulnerability
 s - 3 scrolls of enchant armour
 u - 2 scrolls of teleportation
 y - 5 scrolls of identify
 C - a scroll of immolation {unknown}
 G - a scroll of butterflies {unknown}
 J - a scroll of brand weapon {unknown}
Potions
 c - 4 potions of heal wounds
 e - 3 potions of attraction
 h - 2 potions of mutation {unknown}
 i - a potion of might {unknown}
 j - 2 potions of berserk rage {unknown}
 m - 4 potions of curing {unknown}
 p - a potion of magic
 t - 3 potions of degeneration
 z - 2 potions of cancellation {unknown}
 A - 2 potions of resistance {unknown}
 D - a potion of invisibility {unknown}
 F - 2 potions of haste {unknown}


   Skills:
 + Level 1.5 Fighting
 + Level 1.1 Maces & Flails
 + Level 4.1 Dodging
 + Level 3.4 Stealth
 + Level 2.0 Shields
 + Level 5.4 Spellcasting
 + Level 7.4 Conjurations


You had 10 spell levels left.
You knew the following spells:

 Your Spells              Type           Power      Damage    Failure   Level
a - Magic Dart            Conj           100%       1d8       1%          1
b - Searing Ray           Conj           100%       2d8       1%          2
c - Blink                 Tloc           16%        N/A       9%          2
d - Call Imp              Summ           16%        N/A       9%          2

Your spell library contained the following spells:

 Spells                   Type           Power      Damage    Failure   Level
 Momentum Strike          Conj/Tloc      60%        3d9       1%          2
 Dazzling Flash           Conj/Hex       60%        N/A       3%          3
 Slow                     Hex            32%        N/A       5%          1
 Mephitic Cloud           Conj/Pois/Air  22%        N/A       6%          3
 Lesser Beckoning         Tloc           16%        N/A       9%          2
 Fulminant Prism          Conj/Hex       15%        3d10      12%         4
 Iskenderun's Mystic Bla  Conj/Tloc      30%        2d8       12%         4
 Confusing Touch          Hex            8%         N/A       17%         3
 Vampiric Draining        Necr           8%         2d6       17%         3
 Agony                    Necr           8%         N/A       83%         5
 Silence                  Hex/Air        4%         N/A       83%         5


Dungeon Overview and Level Annotations

Branches:
Dungeon (6/15)             Temple (0/1) D:7           Sewer (visited)

Shops:
D:4 =

Annotations:
D:7 Joseph


Innate Abilities, Weirdness & Mutations

You have an increased reservoir of magic. (+10% MP)
You shall have no god before yourself.
Your divine heritage dramatically boosts your attributes as you level up.


Message History

You hear a shout!
The searing ray hits the gnoll!
You kill the gnoll!
Joseph shoots a sling bullet.
You block the sling bullet with an invisible shield... and reflect it back!
The sling bullet hits Joseph!
An orc comes into view.
It is wielding a +2 trident of distortion.
Joseph shoots a sling bullet.
The sling bullet misses you.
A steam dragon comes into view.
A gnoll comes into view. It is wielding a +0 whip.
The orc moves out of view.
Things that are here:
a +0 whip; a gnoll corpse
Casting: Searing Ray (safe; 1% risk of failure)
Confirm with . or Enter, or press ? or * to list all spells.
Aiming: Searing Ray (safe; 1% risk of failure)
Press: ? - help, Shift-Dir - straight line, f - Joseph
Aim: Joseph, wielding a +0 sling and wearing a +0 ring mail (lightly wounded, 85% to hit)
The searing ray hits Joseph!
Joseph is moderately wounded.
The searing ray hits the gnoll sergeant.
The gnoll sergeant is moderately wounded. (Press . to maintain the ray.)
The steam dragon hisses angrily.
Joseph shoots a sling bullet.
The sling bullet hits you! The steam dragon breathes steam at you.
The ball of steam misses you.
You are engulfed in a cloud of scalding steam.
You are engulfed in a cloud of scalding steam.
Joseph is engulfed in a cloud of scalding steam.
The searing ray hits Joseph.
Joseph is heavily wounded.
You finish channelling your searing ray.
You are engulfed in a cloud of scalding steam.
* * * LOW HITPOINT WARNING * * *
Joseph is engulfed in a cloud of scalding steam.
Joseph says, "I'm here to kill trespassers.
I like my job."
Joseph unwields a +0 sling.
Joseph wields a +0 quarterstaff.
Joseph misses you.
The gnoll sergeant hits you from afar with a +0 trident of venom!
You die...

...'.>.'.....#
####⌠.⌠#####.### #
####### #....# . #
###.### #....# g. #
#.# #....# o.. # #.#
#....# g.g. # #.#
##....# .....
#.####.....####......
#.))))...§@@g).....
#.##.....####D.....
#.##.....# #+###
#.##.....# #....#####
##...## #8...8#
##...## #...#


You could see Joseph and a gnoll sergeant.

Vanquished Creatures
  An orc warrior (D:3)
  2 sky beasts
  A centaur (D:7)
  2 phantoms
  A kobold brigand (D:7)
  4 bullfrogs
  2 scorpions
  6 hounds
  A jelly (D:7)
  A gnoll bouda (D:7)
  3 orc priests (D:3)
  An orc wizard (D:5)
  Robin (D:2)
  14 adders
  10 gnolls
  6 river rats (Sewer)
  A shadow imp (D:5)
  A white imp (D:6)
  An ufetubus (D:5)
  2 worms
  2 dart slugs
  17 orcs
  21 ball pythons
  4 endoplasms
  7 giant cockroaches
  15 goblins
  9 hobgoblins
  3 jackals (D:5)
  9 kobolds
  4 quokkas
  5 bats
  4 frilled lizards
  29 rats
190 creatures vanquished.

Notes
Turn   | Place    | Note
-------+----------+-------------------------------------------
     0 | D:1      | rvierbuc the Demigod Conjurer began the quest for the Orb.
     0 | D:1      | Reached XP level 1. HP: 14/14 MP: 5/5
   307 | D:1      | Reached skill level 4 in Conjurations
   329 | D:1      | Reached XP level 2. HP: 20/20 MP: 1/7
   952 | D:2      | Reached XP level 3. HP: 15/26 MP: 0/8
  1327 | D:2      | Noticed Robin
  1475 | D:2      | Learned a level 2 spell: Searing Ray
  1478 | D:2      | Learned a level 2 spell: Blink
  1750 | D:2      | Killed Robin
  1751 | D:2      | Reached XP level 4. HP: 31/33 MP: 1/10
  2198 | D:3      | Reached skill level 5 in Conjurations
  2478 | D:3      | Reached XP level 5. HP: 39/39 MP: 3/11
  2719 | D:3      | Identified the +2 pair of gloves of Poor Excuses {Will+
                  | MP+9 Int+2}
  2915 | D:3      | Noticed an orc warrior
  2935 | D:3      | Killed an orc warrior
  2936 | D:3      | Reached XP level 6. HP: 31/46 MP: 6/14
  3090 | D:3      | Reached skill level 6 in Conjurations
  3149 | D:3      | Learned a level 2 spell: Call Imp
  3188 | D:4      | Found a glowing drain.
  3227 | Sewer    | Entered a sewer
  3486 | Sewer    | Reached XP level 7. HP: 51/51 MP: 16/16
  3733 | Sewer    | Reached skill level 1 in Shields
  3995 | D:4      | Found Baabes's Jewellery Shoppe.
  4018 | D:4      | Reached skill level 1 in Fighting
  4480 | D:5      | Entered Level 5 of the Dungeon
  5131 | D:5      | Reached skill level 1 in Maces & Flails
  5303 | D:6      | Reached XP level 8. HP: 59/59 MP: 18/18
  5818 | D:6      | You fall into a shaft and drop 1 floor!
  5838 | D:7      | Reached skill level 7 in Conjurations
  5846 | D:7      | Reached skill level 5 in Spellcasting
  5927 | D:7      | Found a staircase to the Ecumenical Temple.
  6280 | D:7      | Noticed Joseph
  6294 | D:7      | Slain by a gnoll sergeant

Illustrated notes

Levels and vault maps discovered:
D:1:      beargit_arrival_diablo_church, layout_basic
D:2:      cheibrodos_old_hovel, layout_basic, basic_altar, uniq_robin
D:3:      layout_basic, lemuel_doored_altar, ebering_ecumenical_altar_mist,
          minmay_divided_ellipse
D:4:      layout_basic, serial_aquarium, aquarium_bridge_straight
          [aquarium_subvault_bridge, aquarium_subvault_window,
          aquarium_subvault_bridge, aquarium_subvault_wall],
          aquarium_bridge_square [aquarium_subvault_bridge,
          aquarium_subvault_wall, aquarium_subvault_bridge,
          aquarium_subvault_wall], aquarium_window_1, aquarium_window_1,
          aquarium_window_1, aquarium_view_4, aquarium_pool_four, serial_shops,
          shop, portal_sewer_entry_c, kennysheep_path_1, st_stairs_4
D:5:      kb_forest_paths, layout_loops_corners,
          mainiacjoe_overflow_six_doors_small, uniq_eustachio
D:6:      layout_cave_pods, nicolae_hepliaklqana_hazy_memory,
          mainiacjoe_overflow_chevrons,
          chequers_temple_overflow_statue_of_worship
D:7:      layout_basic, nicolae_ashenzari_skybound, temple_doors_e,
          corexii_hall_statues_x, uniq_joseph

Skill      XL: |  1  2  3  4  5  6  7  8 |
---------------+-------------------------+-----
Conjurations   | 4 5 6 7 |  7.4
Dodging        | 2 3 4 |  4.1
Spellcasting   | 2 3 4 5 |  5.4
Stealth        | 2 3 |  3.4
Shields        | 1 2 |  2.0
Fighting       | 1 |  1.5
Maces & Flails | 1 |  1.1

Action                     |  1- 3 |  4- 6 |  7- 9 || total
---------------------------+-------+-------+-------++-------
  Melee: Unarmed           |    22 |       |       ||    22
         Whip              |       |    31 |    35 ||    66
         Punch             |       |       |     2 ||     2
   Cast: Magic Dart        |    84 |    79 |   118 ||   281
         Searing Ray       |     3 |    12 |    25 ||    40
    Use: Potion            |     1 |       |     3 ||     4
         Scroll            |       |     9 |       ||     9
   Stab: Sleeping          |       |       |     1 ||     1
 Armour: Robe              |    15 |    28 |    58 ||   101
  Dodge: Dodged            |    52 |    43 |    69 ||   164
  Block: Other             |       |    14 |    26 ||    40
         Reflection        |       |       |     2 ||     2
